 Dungeon Crawl Stone Soup version 0.30-a0-385-gfebfb9b408 (webtiles) character file.

Game seed: 1930576249312574524

3738 Armakuni the Thaumaturge (level 9, -3/52 HPs)
             Began as a Deep Elf Fighter on Dec 2, 2022.
             Was a Believer of Vehumet.
             Slain by a meliai
             ... wielding a +0 broad axe
              (10 damage)
             ... on level 8 of the Dungeon.
             The game lasted 00:27:30 (8914 turns).

Armakuni the Thaumaturge (Deep Elf Fighter)         Turns: 8914, Time: 00:27:30

Health: -3/52      AC:  8    Str: 15    XL:     9   Next: 93%
Magic:  22/25      EV: 10    Int: 16    God:    Vehumet [**....]
Gold:   428        SH:  6    Dex: 14    Spells: 21/28 levels left

rFire   + . .      SeeInvis .    a - +1 whip (drain)
rCold   . . .      Faith    .    c - +1 buckler
rNeg    . . .      Spirit   .    l - +0 scale mail
rPois   .          Reflect  .    r - +0 helmet
rElec   .          Harm     .    d - scarf {repulsion}
rCorr   .          Rampage  .    (no gloves)
Will    .....                    (no boots)
Stlth   ..........               (no amulet)
HPRegen 0.28/turn                F - ring of protection from fire
MPRegen 0.19/turn                (no ring)

@: repel missiles
A: no striking features
a: Renounce Religion


You were on level 8 of the Dungeon.
You worshipped Vehumet.
Vehumet was pleased with you.
You visited 2 branches of the dungeon, and saw 9 of its levels.

You collected 428 gold pieces.

Inventory:

Hand Weapons
 a - a +1 whip of draining (weapon)
 b - a +1 vorpal sling
 e - a +2 dagger of venom
 j - a +1 flail of flaming
 k - a +5 mace
Missiles
 p - 3 curare-tipped darts
Armour
 c - a +1 buckler (worn)
 d - a scarf of repulsion (worn)
 l - a +0 scale mail (worn)
 r - a +0 helmet (worn)
Magical Staves
 q - a staff of air
Jewellery
 F - a ring of protection from fire (left hand)
Scrolls
 f - a scroll of fog
 i - a scroll of identify
 n - a scroll of noise
 o - a scroll of enchant armour
 s - a scroll of brand weapon
Potions
 g - 4 potions of mutation
 h - a potion of brilliance


   Skills:
 - Level 4.1 Fighting
 - Level 1.3 Maces & Flails
 - Level 6.1 Ranged Weapons
 - Level 4.0 Armour
 - Level 3.1 Dodging
 - Level 4.0 Shields
 - Level 10.0 Spellcasting
 + Level 7.3 Conjurations
 - Level 3.0 Air Magic
 - Level 3.0 Poison Magic


You had 21 spell levels left.
You knew the following spells:

 Your Spells              Type           Power      Damage    Failure   Level
m - Mephitic Cloud        Conj/Pois/Air  22%        N/A       22%         3
w - Wereblood             Tmut           8%         N/A       54%         2
z - Searing Ray           Conj           62%        2d6       3%          2

Your spell library contained the following spells:

 Spells                   Type           Power      Damage    Failure   Level
 Poisonous Vapours        Pois/Air       34%        N/A       19%         2
 Cigotuvi's Dreadful Rot  Necr/Pois/Air  28%        N/A       28%         2
 Stone Arrow              Conj/Erth      38%        3d9       28%         3
 Swiftness                Air            17%        N/A       36%         3
 Sandblast                Erth           16%        2d6       41%         1
 Ensorcelled Hibernation  Hex/Ice        16%        N/A       54%         2
 Passwall                 Tmut/Erth      6%         N/A       54%         2
 Vhi's Electric Charge    Tloc/Air       24%        N/A       56%         3
 Ignite Poison            Fire/Tmut/Pois 11%        N/A       65%         3
 Sticky Flame             Conj/Fire      19%        2d4       67%         4
 Arcjolt                  Conj/Air       12%        1d22      82%         5
 Lightning Bolt           Conj/Air       12%        1d25      82%         5
 Ice Form                 Ice/Tmut       8%         N/A       99%         4
 Silence                  Hex/Air        6%         N/A       100%        5
 Ignition                 Fire           4%         3d4       100%        8
 Maxwell's Capacitive Co  Air            8%         ∞         100%        8


Dungeon Overview and Level Annotations

Branches:
Dungeon (8/15)             Temple (1/1) D:4
   Lair: D:8-11

Altars:
Ashenzari
Cheibriados
Dithmenos
Elyvilon
Fedhas
Gozag
Hepliaklqana
Kikubaaqudgha
Makhleb
Nemelex Xobeh
Okawaru
Qazlal
Ru
Sif Muna
Trog
Uskayaw
Vehumet
Wu Jian
Yredelemnul
Zin
The Shining One

Annotations:
D:4 Sigmund


Message History

A wight comes into view. It is wielding a +3 great sword.
Aiming: Searing Ray (safe; 3% risk of failure)
Press: ? - help, Q - select action, (/) - cycle Shift-Dir - straight line, f - wight
Aim: a wight, wielding a +3 great sword and wearing a +0 robe (79% to hit)
The searing ray hits the wight!
The wight is heavily damaged. (Press . to maintain the ray.)
You block the wight's attack.
The searing ray hits the wight!
You destroy the wight!
Vehumet accepts your kill.
You feel your power returning.
You start resting.
Magic restored.
Things that are here:
a +3 great sword; a +0 robe
There is an open door here.
A meliai comes into view. It is wielding a +0 broad axe.
The meliai hits you with a +0 broad axe.
The meliai stings you but does no damage.
You aren't carrying any items that you can evoke.
You hit the meliai but do no damage. The meliai closely misses you.
The meliai stings you.
The meliai calls down the wrath of its god upon you.
Something smites you!
Aiming: Searing Ray (safe; 3% risk of failure)
Press: ? - help, Q - select action, (/) - cycle Shift-Dir - straight line, f - meliai
Aim: a meliai, wielding a +0 broad axe and wearing a +0 leather armour (69% to hit)
The searing ray hits the meliai!
The meliai is moderately wounded. (Press . to maintain the ray.)
The meliai hits you with a +0 broad axe!
The meliai barely misses you. You block the meliai's attack. x2
The searing ray hits the meliai!
The meliai is severely wounded.
The meliai mumbles some strange prayers to its god against you.
Something smites you!
* * * LOW HITPOINT WARNING * * *
The meliai hits you with a +0 broad axe!
You die...

##### ##..@#
###.###y#
#.'.# .#
#)#.# .#
#.##.. ######
#.######....#
#...##......#
###.........#
####......#


You could see a meliai.

Vanquished Creatures
  A two-headed ogre (D:8)
  Pikel (D:6)
  Menkaure (D:6)
  A steam dragon (D:8)
  A water moccasin (D:5)
  2 sky beasts
  An ice beast (D:5)
  2 ogres
  2 centaurs
  2 lemures (D:6)
  3 phantoms
  2 bullfrogs (D:7)
  2 scorpions
  9 wights
  An electric eel (D:7)
  A bullfrog zombie (D:6)
  A centaur zombie (D:6)
  2 hounds
  A human zombie (D:6)
  A jelly (D:4)
  3 orc priests
  An iguana (D:5)
  4 orc wizards
  2 killer bee zombies (D:6)
  6 mummies (D:6)
  6 adders
  A gnoll (D:1)
  9 river rats
  4 white imps
  2 ufetubi
  5 dart slugs
  25 orcs
  6 bats
  6 endoplasms
  4 giant cockroaches
  6 goblins
  5 hobgoblins
  2 jackals (D:1)
  2 quokkas (D:1)
  10 ball pythons
  7 frilled lizards
  8 kobolds
  19 rats
180 creatures vanquished.

Notes
Turn   | Place    | Note
-------+----------+-------------------------------------------
     0 | D:1      | Armakuni the Deep Elf Fighter began the quest for the Orb.
     0 | D:1      | Reached XP level 1. HP: 13/13 MP: 3/3
   182 | D:1      | Reached skill level 1 in Dodging
   195 | D:1      | Reached XP level 2. HP: 18/18 MP: 4/4
   295 | D:1      | You fall into a shaft and drop 1 floor!
   400 | D:2      | Identified the +4 ring mail of Gluttony {Harm}
   699 | D:1      | Reached XP level 3. HP: 18/23 MP: 5/5
  1875 | D:2      | Found a faded altar of an unknown god.
  2143 | D:3      | Noticed a phantom
  2153 | D:3      | Killed a phantom
  2154 | D:3      | Reached XP level 4. HP: 28/29 MP: 6/6
  2154 | D:3      | Reached XP level 5. HP: 32/33 MP: 7/7
  2489 | D:3      | Reached skill level 1 in Ranged Weapons
  2573 | D:3      | Got the Vademecum on the Reshaped Atmosphere
  3363 | D:4      | Noticed Sigmund
  3478 | D:4      | Found a shimmering blue altar of Sif Muna.
  3479 | D:4      | Found a blossoming altar of Fedhas.
  3767 | D:4      | Reached XP level 6. HP: 15/38 MP: 8/8
  3869 | D:5      | Entered Level 5 of the Dungeon
  4013 | D:4      | Found a staircase to the Ecumenical Temple.
  4022 | Temple   | Entered the Ecumenical Temple
  4030 | Temple   | Became a worshipper of Vehumet
  4204 | D:4      | Reached skill level 5 in Ranged Weapons
  4482 | D:5      | Noticed a water moccasin
  4490 | D:5      | Noticed an ice beast
  4596 | D:5      | Learned a level 3 spell: Mephitic Cloud
  4599 | D:5      | Learned a level 2 spell: Wereblood
  4654 | D:5      | Reached skill level 1 in Conjurations
  4654 | D:5      | Reached skill level 1 in Poison Magic
  4770 | D:4      | Reached skill level 1 in Air Magic
  4770 | D:4      | Reached XP level 7. HP: 43/43 MP: 9/9
  4791 | D:4      | Reached * piety under Vehumet
  4791 | D:4      | Offered knowledge of Foxfire by Vehumet.
  5483 | D:6      | Found a basalt altar of Yredelemnul.
  5587 | D:6      | Reached XP level 8. HP: 43/48 MP: 10/10
  6048 | D:5      | Offered knowledge of Static Discharge by Vehumet.
  6285 | D:6      | Reached ** piety under Vehumet
  6297 | D:6      | Noticed Menkaure
  6306 | D:6      | Killed Menkaure
  6307 | D:6      | Reached skill level 1 in Spellcasting
  6530 | D:6      | Reached skill level 2 in Spellcasting
  6535 | D:6      | Reached skill level 3 in Spellcasting
  6824 | D:7      | Reached skill level 4 in Spellcasting
  6834 | D:7      | Reached skill level 5 in Spellcasting
  6928 | D:7      | Reached skill level 6 in Spellcasting
  7032 | D:7      | Noticed a slime creature
  7218 | D:7      | Noticed Pikel
  7370 | D:6      | Killed Pikel
  7371 | D:6      | Reached skill level 8 in Spellcasting
  7371 | D:6      | Reached XP level 9. HP: 6/52 MP: 19/23
  7947 | D:7      | Reached skill level 9 in Spellcasting
  7949 | D:7      | HP: 2/44 [spore (16)]
  8142 | D:7      | Noticed a two-headed ogre
  8569 | D:8      | Reached skill level 10 in Spellcasting
  8782 | D:8      | Noticed a two-headed ogre
  8823 | D:8      | Killed a two-headed ogre
  8854 | D:8      | Offered knowledge of Searing Ray by Vehumet.
  8864 | D:8      | Learned a level 2 spell: Searing Ray
  8911 | D:8      | Noticed a meliai
  8914 | D:8      | Slain by a meliai

Illustrated notes

Levels and vault maps discovered:
D:1:      dpeg_arrival_boxes_within_box, layout_loops_ring, item_on_display_b
D:2:      layout_loops_ring, nicolae_ecumenical_lake_church
D:3:      layout_loops_corners, minmay_bisected
D:4:      layout_cave_pools, gammafunk_temple_overflow_statue,
          minmay_temple_entry_large_hall, chequers_serial_rivers_marsh,
          dk_rats_in_the_wall, uniq_sigmund
D:5:      layout_cave_pools
D:6:      layout_basic, lemuel_mausoleum_altar_yredelemnul,
          kennysheep_decorative_pillar, uniq_menkaure
D:7:      layout_cave_pools, minivault_14, minmay_shop_mass,
          roderic_roman_lattice, amcnicky_mini_pool_medium, uniq_pikel
D:8:      layout_basic, serial_shops, nicolae_lakefront_shop,
          gammafunk_ghost_spectres, minmay_crystal_room, grunt_decor_cap,
          kennysheep_just_a_vault
Temple:   nicolae_temple_two_arcs

Skill      XL: |  1  2  3  4  5  6  7  8  9 |
---------------+----------------------------+-----
Dodging        | 1 3 |  3.1
Fighting       | 3 4 |  4.1
Ranged Weapons | 4 6 |  6.1
Conjurations   | 1 3 7 |  7.3
Poison Magic   | 1 3 |  3.0
Air Magic      | 1 3 |  3.0
Shields        | 3 4 |  4.0
Armour         | 4 |  4.0
Spellcasting   | 8 10 | 10.0
Maces & Flails | |  1.3

Action                   |  1- 3 |  4- 6 |  7- 9 || total
-------------------------+-------+-------+-------++-------
Melee: Flail             |   131 |   178 |   200 ||   509
       Dagger            |       |       |    13 ||    13
       Mace              |       |       |    73 ||    73
       Whip              |       |       |     1 ||     1
 Fire: Sling             |       |    28 |    90 ||   118
 Cast: Mephitic Cloud    |       |       |     4 ||     4
       Searing Ray       |       |       |     2 ||     2
Evoke: Wand              |       |       |     5 ||     5
  Use: Scroll            |    12 |    10 |     3 ||    25
       Potion            |       |     4 |     5 ||     9
 Stab: Confused          |       |       |     1 ||     1
Armor: Scale mail        |    27 |    22 |   141 ||   190
       Ring mail         |    36 |    50 |       ||    86
Dodge: Dodged            |    77 |   113 |   137 ||   327
Block: Buckler           |    29 |    61 |    70 ||   160

Table legend: (Time is in decaauts)
 A = Elapsed time spent in this place.
 B = Non-inter-level travel time spent in this place.
 C = Inter-level travel time spent in this place.
 D = Time resting spent in this place.
 E = Time spent auto-exploring this place.
 F = Levels seen in this place.
 G = Mean time per level.
                   A        B        C        D        E       F      G
               +--------+--------+--------+--------+--------+-----+--------+
         Total |   9132 |   8747 |    385 |   2277 |   3737 |   9 | 1014.7 |
       Dungeon |   9003 |   8625 |    378 |   2277 |   3644 |   8 | 1125.4 |
        Temple |    128 |    121 |      7 |      0 |     93 |   1 |  128.0 |
               +--------+--------+--------+--------+--------+-----+--------+

Top non-repeatable levels by time:
     D:6: 1977 daAuts
     D:3: 1376 daAuts
     D:2: 1113 daAuts
     D:5: 1084 daAuts
     D:1: 1031 daAuts
     D:4: 914 daAuts
     D:7: 838 daAuts
     D:8: 666 daAuts
  Temple: 128 daAuts
